 Dungeon Crawl Stone Soup version 0.20-a0-386-g2d247ea (webtiles) character file.

49264 esc the Fighter (level 14, -7/148 HPs)
             Began as a Pale Draconian Transmuter on Dec 30, 2016.
             Was a High Priest of Hepliaklqana.
             Mangled by a war gargoyle
             ... wielding a +0 morningstar
              (30 damage)
             ... on level 11 of the Dungeon.
             The game lasted 01:33:29 (27664 turns).

esc the Fighter (Pale Draconian Transmuter)        Turns: 27664, Time: 01:33:30

Health: -7/148     AC: 13    Str: 14    XL:     14   Next: 15%
Magic:  25/28      EV: 14    Int: 25    God:    Hepliaklqana [*****.]
Gold:   2126       SH:  0    Dex: 11    Spells: 3/33 levels left

rFire  x . .     SeeInvis .       - Unarmed
rCold  + + +     Gourm    .     (armour unavailable)
rNeg   . . .     Faith    .     (shield currently unavailable)
rPois  +         Spirit   .     (helmet currently unavailable)
rElec  .         Reflect  .     (cloak currently unavailable)
rCorr  .         Harm     .     (gloves currently unavailable)
MR     +....                    (boots currently unavailable)
Stlth  +.........               (no amulet)
                                k - +5 ring of intelligence
                                g - ring "Badatidgh" {rPois AC+5 Int+2}

@: confusing touch (expiring), ice-form
A: (breathe steam), unfitting armour, reduced essence, robust 1, (cold-blooded),
AC +8
a: End Transformation, Recall Ancestor, Ancestor Identity, Transference,
Idealise, Renounce Religion


You were on level 11 of the Dungeon.
You worshipped Hepliaklqana.
Hepliaklqana was extremely pleased with you.
You were not hungry.
You were a creature of crystalline ice.
You visited 3 branches of the dungeon, and saw 18 of its levels.
You also visited: Ossuary, Bailey and Ice Cave.

You collected 2313 gold pieces.
You spent 187 gold pieces at shops.

Inventory:

Missiles
 a - 301 arrows
Armour
 q - a +2 cloak (melded)
   (You found it on level 8 of the Dungeon)
 y - a +0 pair of boots (melded)
   (You found it on level 6 of the Dungeon)
 D - a +0 pair of gloves (melded)
   (You found it on level 7 of the Dungeon)
 E - a +2 hat (melded)
   (You took it off Gastronok on level 11 of the Dungeon)
Jewellery
 g - the ring "Badatidgh" (left front paw) {rPois AC+5 Int+2}
   (You found it on level 3 of the Lair of Beasts)

   [ring of protection]

   It affects your AC (+5).
   It affects your intelligence (+2).
   It protects you from poison.
 k - a +5 ring of intelligence (right front paw)
   (You found it on level 7 of the Dungeon)
 x - an uncursed ring of protection from fire {rF+, !d}
   (You found it in an ice cave)
 S - an uncursed ring of protection from cold {rC+, !d}
   (You found it in an ice cave)
Wands
 m - a wand of confusion (17/48)
   (You found it on level 4 of the Dungeon)
 t - a wand of acid (6/15)
   (You found it on level 1 of the Lair of Beasts)
 K - a wand of lightning (8/15)
   (You took it off an orc wizard on level 11 of the Dungeon)
 O - a wand of iceblast (7/15)
   (You found it on level 8 of the Dungeon)
 U - a wand of disintegration (11/24)
   (You found it on level 6 of the Lair of Beasts)
Scrolls
 d - 3 scrolls of fog
 e - 5 scrolls of remove curse
 l - a scroll of recharging
 n - 6 scrolls of teleportation
 p - a scroll of random uselessness {unknown}
 A - 3 scrolls of magic mapping {!r}
 C - 2 scrolls of silence
 H - a scroll of enchant armour
 L - 2 scrolls of fear {unknown}
 M - 2 scrolls of summoning
 Z - a scroll of brand weapon {unknown}
Potions
 f - 3 potions of flight
 h - 2 potions of lignification {!q}
 i - 2 potions of invisibility
 j - 2 potions of might
 o - 5 potions of brilliance
 s - 9 potions of curing
 w - 2 potions of berserk rage {!q}
 F - 5 potions of agility
 I - 2 potions of heal wounds
 Q - 3 potions of cancellation
 R - 2 potions of haste
 X - a potion of magic
Books
 b - a book of Changes
 r - a book of the Warp
   (You found it on level 3 of the Lair of Beasts)
 B - a book of Misfortune
   (You found it on level 6 of the Lair of Beasts)
 T - a book of Transfigurations
   (You found it on level 6 of the Lair of Beasts)
Miscellaneous
 G - a lamp of fire
   (You found it on level 5 of the Lair of Beasts)
 W - a fan of gales
   (You found it on level 6 of the Lair of Beasts)
Comestibles
 c - 12 bread rations {@e1}
 u - 7 meat rations {@e2}
 z - 17 fruits
 J - 7 chunks of flesh {@w0}


   Skills:
 + Level 11.4 Fighting
 + Level 10.0 Dodging
 + Level 11.1 Unarmed Combat
 + Level 10.4 Spellcasting
 - Level 2.6 Hexes
 - Level 1.5 Charms
 - Level 2.4 Translocations
 + Level 11.2 Transmutations
 - Level 5.4 Ice Magic
 - Level 2.0 Air Magic
 - Level 2.8 Poison Magic


You had 3 spell levels left.
You knew the following spells:

 Your Spells              Type           Power        Failure   Level  Hunger
a - Beastly Appendage     Tmut           ######       1%          1    None
b - Confusing Touch       Hex            ####..       1%          1    None
c - Spider Form           Tmut/Pois      #####.....   1%          3    None
d - Repel Missiles        Chrm/Air       ###...       4%          2    None
e - Blink                 Tloc           N/A          2%          2    None
f - Ice Form              Ice/Tmut       ######..     1%          4    None
g - Apportation           Tloc           ####......   1%          1    None
h - Dragon Form           Tmut           ######....   45%         7    #######
i - Petrify               Tmut/Erth      #####...     6%          4    None
s - Sticks to Snakes      Tmut           ######..     1%          2    None
x - Mephitic Cloud        Conj/Pois/Air  ###.....     10%         3    None


Dungeon Overview and Level Annotations

Branches:
Dungeon (11/15)            Temple (1/1) D:5            Lair (6/6) D:9
 Shoals (0/4) Lair:4       Spider (0/4) Lair:4        Slime (0/5) Lair:6
    Orc (0/2) D:9

Altars:
Ashenzari
Cheibriados
Dithmenos
Elyvilon
Fedhas
Gozag
Hepliaklqana
Kikubaaqudgha
Makhleb
Nemelex Xobeh
Okawaru
Qazlal
Ru
Sif Muna
Trog
Uskayaw
Vehumet
Xom
Yredelemnul
Zin
The Shining One

Shops:
D:4 [   D:8 ?

Annotations:
D:3 Grinder
Lair:3 exclusion: 3 oklob plants
Lair:5 exclusion: 2 oklob plants


Innate Abilities, Weirdness & Mutations

((You can breathe blasts of scalding, opaque steam.))
((Your pale cyan-grey scales are hard. (AC +8)))
You cannot fit into any form of body armour.
((You are cold-blooded and may be slowed by cold attacks.))
Your life essence is reduced. (-10% HP)
You are robust. (+10% HP)


Message History

You now have 124/124 hp.
Unknown command.
Unknown command.
You turn into a creature of crystalline ice.
Your +2 cloak melds into your body.
Your +2 hat melds into your body.
Your +0 pair of gloves melds into your body.
Your +0 pair of boots melds into your body.
You now have 148/148 hp.
The bullfrog skeleton hits you but does no damage. x2
You pummel the bullfrog skeleton!! You freeze the bullfrog skeleton.
You destroy the bullfrog skeleton!
No target in view!
There is an open door here.
There is an open door here.
There is an open door here.
The electric eel shoots out a bolt of lightning at you!
The bolt of electricity hits you!
You take 11 damage, and have 137/148 hp.
MP restored: 28 Unknown command.
There is an open door here.
You pummel the electric eel!! You freeze the electric eel.
You kill the electric eel!
You hear a splash.
You swap places.
Your transformation is almost over.
There is an open door here.
The war gargoyle is too close now for your liking.
You regained 6 hp, and now have 143/148 hp.
Unknown command.
Unknown command.
Unknown command.
You have no means to grasp a wand firmly enough.
The war gargoyle hits you with a morningstar.
You take 4 damage, and have 139/148 hp.
Your front paws begin to glow red.
The war gargoyle hits you with a morningstar!
You take 17 damage, and have 122/148 hp.
You now have 27/28 mp.
You hit the war gargoyle but do no damage.
You warm up again.
Your +2 cloak unmelds from your body.
Your +2 hat unmelds from your body.
Your +0 pair of gloves unmelds from your body.
Your +0 pair of boots unmelds from your body.
Xiuhtonal hits the war gargoyle but does no damage.
The war gargoyle launches metal splinters at you.
The spray of metal splinters hits you!
You now have 95/124 hp.
Unknown command.
You turn into a creature of crystalline ice.
Your +2 cloak melds into your body.
Your +2 hat melds into your body.
Your +0 pair of gloves melds into your body.
Your +0 pair of boots melds into your body.
The war gargoyle hits you with a morningstar!
Xiuhtonal hits the war gargoyle but does no damage.
You now have 99/148 hp.
You hit the war gargoyle but do no damage.
The war gargoyle hits you with a morningstar!
Xiuhtonal barely misses the war gargoyle.
You take 17 damage, and have 82/148 hp.
You hit the war gargoyle but do no damage.
The war gargoyle hits you but does no damage.
Xiuhtonal hits the war gargoyle with a dagger of draining.
You hit the war gargoyle but do no damage.
The war gargoyle hits you with a morningstar!!
You take 23 damage, and have 59/148 hp.
You hit the war gargoyle but do no damage.
Xiuhtonal hits the war gargoyle but does no damage.
The war gargoyle launches metal splinters at you.
The spray of metal splinters hits you!
You take 9 damage, and have 50/148 hp.
You hit the war gargoyle but do no damage.
Xiuhtonal hits the war gargoyle but does no damage.
The war gargoyle hits you but does no damage.
You hit the war gargoyle but do no damage.
The war gargoyle appears confused.
Your front paws stop glowing.
Xiuhtonal hits the war gargoyle but does no damage.
You hit the war gargoyle. You freeze the war gargoyle.
Your front paws begin to glow red.
Xiuhtonal hits the war gargoyle but does no damage.
The war gargoyle seems less confused.
The war gargoyle launches metal splinters at you.
The spray of metal splinters misses you.
Xiuhtonal hits the war gargoyle with a dagger of draining!
You hit the war gargoyle but do no damage.
The war gargoyle hits you with a morningstar!!
* * * LOW HITPOINT WARNING * * *
Xiuhtonal hits the war gargoyle but does no damage.
You take 25 damage, and have 27/148 hp.
You hit the war gargoyle but do no damage.
The war gargoyle closely misses you.
You hit the war gargoyle but do no damage.
The war gargoyle hits you with a morningstar.
* * * LOW HITPOINT WARNING * * *
Xiuhtonal hits the war gargoyle but does no damage.
You take 4 damage, and have 23/148 hp.
You hit the war gargoyle but do no damage.
The war gargoyle hits you with a morningstar!!
You die...

..≈≈≈ .≈≈≈ #. ..# ≈≈≈#
.≈≈##.. ...##≈≈# .≈≈#..#
#..#≈≈# ########.≈≈#..#
..#≈≈. .........≈≈#..#
..#≈≈+
........9≈≈#..####. #≈≈.
.......YR≈≈##......##≈≈.
?........≈≈≈##....##≈≈≈.
..........≈≈8##''##8≈≈..
..........≈≈≈.8..8.≈≈≈..
...........≈≈≈....≈≈≈...
............≈≈≈>.≈≈≈....
########.....≈≈≈≈≈≈.....
#.....#≈≈≈≈......
#.....#...'......


You could see the friendly Xiuhtonal the hexer and a war gargoyle.

Vanquished Creatures
  Gastronok (D:11)
  A frost giant (IceCv)
  Fannar (D:11)
  A hydra (Lair:3)
  An anaconda (Lair:6)
  A two-headed ogre (D:10)
  Urug (D:11)
  Nergalle (Lair:1)
  Pikel (D:5)
  A necromancer (Lair:6)
  A centaur zombie (D:11)
  5 elephants
  A torpor snail (Lair:6)
  An ice statue (IceCv)
  3 black mambas
  14 spiny frogs
  An eye of devastation (Lair:6)
  4 komodo dragons
  2 ice devils (Lair:6)
  2 trolls (D:9)
  14 polar bears
  A hornet (D:9)
  5 blink frogs (Lair:5)
  7 hippogriffs
  Sigmund (D:3)
  2 redbacks (Lair:4)
  A human (D:10)
  4 wyverns
  41 yaks
  2 hogs (D:10)
  Eustachio (D:5)
  3 basilisks
  15 water moccasins
  2 porcupines (Lair:3)
  4 black bears
  9 orc warriors
  2 sky beasts (D:7)
  2 phantoms
  2 ogres
  14 wolves
  3 centaurs
  16 crocodiles
  9 bullfrogs
  A big kobold (D:7)
  An elf zombie (Ossuary)
  A wyvern zombie (D:8)
  5 scorpions
  7 killer bees
  7 howler monkeys
  An electric eel (D:11)
  8 crimson imps
  A bullfrog zombie (D:11)
  A gnoll shaman (D:7)
  4 jellies
  2 centaur skeletons
  10 orc priests
  7 hounds
  A human zombie (Ossuary)
  3 bullfrog skeletons
  Jessica (D:3)
  2 iguanas
  17 orc wizards
  Natasha (thrice) (D:3)
  3 polar bear simulacra (Lair:6)
  13 worker ants
  2 yak simulacra (Lair:6)
  4 wolf simulacra (Lair:6)
  A killer bee zombie (D:10)
  2 big kobold zombies (Ossuary)
  2 hound zombies (Ossuary)
  A hound skeleton (D:7)
  2 mummies (Ossuary)
  4 worker ant zombies
  Robin (D:2)
  10 gnolls
  11 adders
  2 shadow imps
  2 oozes
  7 adder zombies
  5 worms
  5 leopard geckos
  34 orcs
  6 bats
  9 giant cockroaches
  22 goblins
  10 hobgoblins
  5 jackals
  22 kobolds
  6 quokkas
  A ball python (D:5)
  7 frilled lizards
  2 gnoll zombies (Ossuary)
  4 goblin zombies (Ossuary)
  2 hobgoblin zombies (Ossuary)
  A jackal skeleton (D:6)
  3 jackal zombies (Ossuary)
  2 kobold zombies (Ossuary)
  A leopard gecko zombie (D:6)
  An orc zombie (Ossuary)
  2 quokka skeletons (D:6)
  2 quokka zombies (Ossuary)
  7 rats
  4 rat zombies (Ossuary)
  2 river rat simulacra (Lair:6)
  4 plants (Lair:6)
523 creatures vanquished.

Vanquished Creatures (collateral kills)
  A dire elephant (Lair:6)
  A hydra (D:11)
  A two-headed ogre (D:8)
  5 elephants
  A black mamba (Lair:3)
  A spiny frog (Lair:3)
  2 komodo dragons
  A troll (D:11)
  A polar bear (Lair:5)
  8 yaks
  2 hogs (D:10)
  A water moccasin (Lair:2)
  2 porcupines
  A sky beast (D:11)
  A phantom (D:9)
  A black bear (D:9)
  An eye of draining (Lair:6)
  A necrophage (D:8)
  A centaur (D:8)
  4 wolves
  3 bullfrogs
  A water moccasin skeleton (D:9)
  A howler monkey (D:11)
  2 centaur zombies
  3 hounds
  A jelly (D:10)
  2 hound skeletons
  A mummy (Ossuary)
  A gnoll (Bailey)
  2 adders
  An adder zombie (Ossuary)
  6 orcs
  A goblin (Bailey)
  2 hobgoblins (Bailey)
  2 jackals (D:7)
  2 kobolds (Bailey)
  A jackal zombie (Ossuary)
  A kobold zombie (Ossuary)
  An orc zombie (Ossuary)
  A fungus (Lair:5)
72 creatures vanquished.

Vanquished Creatures (others)
  A polar bear (IceCv)
  3 yaks (IceCv)
  An ancestor (D:9)
  6 hexers
  6 fungi
  8 plants
25 creatures vanquished.

Grand Total: 620 creatures vanquished

Notes
Turn   | Place    | Note
-------+----------+-------------------------------------------
     0 | D:1      | esc the Draconian Transmuter began the quest for the Orb.
     0 | D:1      | Reached XP level 1. HP: 16/16 MP: 3/3
   270 | D:1      | HP: 4/16 [goblin/dagger (5)]
   296 | D:1      | HP: 4/16 [bat (1)]
   301 | D:1      | Reached XP level 2. HP: 7/23 MP: 3/5
   302 | D:1      | HP: 5/23 [bat (1)]
   311 | D:1      | Reached skill level 2 in Dodging
  1134 | D:2      | Learned a level 2 spell: Sticks to Snakes
  1158 | D:2      | Noticed Robin
  1165 | D:2      | Reached XP level 3. HP: 28/28 MP: 3/6
  1419 | D:2      | Found a bloodstained altar of Trog.
  1419 | D:2      | Found a radiant altar of Vehumet.
  1419 | D:2      | Found a blossoming altar of Fedhas.
  1419 | D:2      | Found a burning altar of Makhleb.
  1419 | D:2      | Found a snail-covered altar of Cheibriados.
  1419 | D:2      | Found a glowing silver altar of Zin.
  1437 | D:1      | Reached skill level 2 in Fighting
  1582 | D:2      | Killed Robin
  1584 | D:2      | Found a sacrificial altar of Ru.
  1591 | D:2      | Reached XP level 4. HP: 31/36 MP: 5/7
  1972 | D:2      | HP: 7/36 [goblin/club (3)]
  2360 | D:2      | Learned a level 3 spell: Spider Form
  2722 | D:3      | Noticed Grinder
  2973 | D:2      | Found an opulent altar of Gozag.
  3000 | D:3      | Reached skill level 3 in Transmutations
  3000 | D:3      | Reached XP level 5. HP: 27/42 MP: 5/8
  3321 | D:3      | Noticed Natasha
  3326 | D:3      | Killed Natasha
  3434 | D:3      | Noticed a water moccasin
  3453 | D:3      | Killed a water moccasin
  3453 | D:3      | Reached skill level 3 in Fighting
  3453 | D:3      | Reached skill level 3 in Dodging
  3453 | D:3      | Reached skill level 4 in Unarmed Combat
  3453 | D:3      | Reached skill level 3 in Spellcasting
  3453 | D:3      | Reached XP level 6. HP: 25/51 MP: 4/10
  3753 | D:3      | Noticed Natasha
  3759 | D:3      | Killed Natasha
  3793 | D:3      | Found a glowing golden altar of the Shining One.
  3886 | D:3      | Noticed Sigmund
  4150 | D:3      | Noticed Natasha
  4155 | D:3      | Killed Natasha
  4401 | D:3      | Killed Sigmund
  4401 | D:3      | Your scales start taking on a pale cyan-grey colour.
  4401 | D:3      | Reached XP level 7. HP: 48/58 MP: 7/12
  4428 | D:3      | Reached skill level 4 in Transmutations
  4432 | D:3      | Noticed Jessica
  4439 | D:3      | Killed Jessica
  4780 | D:4      | Reached skill level 4 in Fighting
  5006 | D:4      | Reached skill level 4 in Dodging
  5163 | D:4      | Found Nyosolar's Armour Boutique.
  5174 | D:4      | Reached skill level 7 in Fighting
  5174 | D:4      | Reached skill level 6 in Dodging
  5174 | D:4      | Reached skill level 7 in Unarmed Combat
  5174 | D:4      | Reached skill level 6 in Spellcasting
  5174 | D:4      | Reached skill level 7 in Transmutations
  5174 | D:4      | Reached XP level 8. HP: 73/73 MP: 12/17
  5673 | D:5      | Entered Level 5 of the Dungeon
  5684 | D:5      | You fall through a shaft for 2 floors!
  5975 | D:6      | Reached XP level 9. HP: 35/79 MP: 15/18
  6884 | D:5      | Noticed Eustachio
  6915 | D:5      | Killed Eustachio
  6929 | D:5      | Found a staircase to the Ecumenical Temple.
  6950 | Temple   | Entered the Ecumenical Temple
  7616 | D:5      | Learned a level 1 spell: Confusing Touch
  7642 | D:5      | Noticed Pikel
  7655 | D:5      | Killed Pikel
  8022 | D:6      | Found a hazy altar of Hepliaklqana.
  8038 | D:6      | Became a worshipper of Hepliaklqana the Forgotten
  8156 | D:6      | Found a shimmering altar of Xom.
  8632 | D:7      | Reached skill level 1 in Hexes
  8632 | D:7      | Reached skill level 1 in Poison Magic
  9147 | D:7      | Reached skill level 7 in Spellcasting
  9161 | D:7      | Reached XP level 10. HP: 58/79 MP: 18/20
  9167 | D:7      | Reached skill level 2 in Hexes
  9192 | D:7      | Learned a level 2 spell: Repel Missiles
  9194 | D:7      | Learned a level 1 spell: Apportation
  9197 | D:7      | Learned a level 2 spell: Blink
  9202 | D:7      | Learned a level 4 spell: Ice Form
  9301 | D:8      | Reached skill level 2 in Poison Magic
  9311 | D:8      | Found a shadowy altar of Dithmenos.
  9435 | D:8      | Reached skill level 1 in Translocations
  9436 | D:8      | Found a sand-covered staircase.
  9459 | Ossuary  | Entered an ossuary
  9590 | Ossuary  | Reached skill level 1 in Air Magic
  9944 | D:8      | Reached skill level 1 in Ice Magic
 10059 | D:8      | Noticed a two-headed ogre
 10070 | D:8      | Killed a two-headed ogre
 10070 | D:8      | Reached skill level 1 in Charms
 10206 | D:8      | Found an iron altar of Okawaru.
 10230 | D:8      | Found an opulent altar of Gozag.
 10246 | D:8      | Found Pian's Magic Scroll Emporium.
 10249 | D:8      | Reached * piety under Hepliaklqana
 10253 | D:8      | Reached skill level 2 in Translocations
 10259 | D:8      | Bought a scroll of teleportation for 45 gold pieces
 10259 | D:8      | Bought a scroll of blinking for 112 gold pieces
 10259 | D:8      | Bought a scroll of identify for 30 gold pieces
 10551 | D:8      | Reached skill level 8 in Transmutations
 10664 | D:9      | Found a staircase to the Orcish Mines.
 10888 | D:9      | Reached skill level 2 in Air Magic
 11139 | D:9      | Reached skill level 8 in Fighting
 11158 | D:9      | Found a staircase to the Lair.
 11406 | Lair:1   | Entered Level 1 of the Lair of Beasts
 11437 | Lair:1   | Reached ** piety under Hepliaklqana
 11438 | Lair:1   | Remembered your ancestor Xiuhtonal as a hexer
 11492 | Lair:1   | Noticed a spiny frog
 11623 | Lair:1   | Noticed Nergalle
 11677 | D:10     | Entered Level 10 of the Dungeon
 11680 | D:10     | Paralysed by a hornet for 2 turns
 12105 | D:10     | Noticed a two-headed ogre
 12120 | D:10     | Killed a two-headed ogre
 12120 | D:10     | Reached skill level 7 in Dodging
 12120 | D:10     | Reached skill level 8 in Unarmed Combat
 12120 | D:10     | Reached skill level 2 in Ice Magic
 12120 | D:10     | Reached XP level 11. HP: 81/84 MP: 18/22
 12386 | D:10     | Learned a level 3 spell: Mephitic Cloud
 12676 | D:10     | Reached skill level 3 in Ice Magic
 13941 | Lair:2   | Reached skill level 8 in Spellcasting
 14322 | Lair:2   | Reached *** piety under Hepliaklqana
 15058 | Lair:3   | Reached skill level 9 in Fighting
 15109 | Lair:3   | Reached skill level 4 in Ice Magic
 15125 | Lair:3   | Noticed an oklob plant
 15305 | Lair:3   | Reached skill level 9 in Transmutations
 15490 | Lair:3   | Noticed an eight-headed hydra
 15496 | Lair:3   | HP: 19/104 [eight-headed hydra (12)]
 15843 | Lair:3   | Killed an eight-headed hydra
 15871 | Lair:3   | Reached XP level 12. HP: 93/93 MP: 20/24
 16007 | Lair:3   | Reached **** piety under Hepliaklqana
 16436 | Lair:3   | Got a flickering silver ring
 16438 | Lair:3   | Identified the ring "Badatidgh" {rPois AC+5 Int+2} (You found it on level 3 of the Lair of Beasts)
 16444 | Lair:3   | Got an ichor-stained scythe
 16445 | Lair:3   | Identified the +11 scythe "Nacrugg" {antimagic, rElec rC+ Str-3 SInv} (You found it on level 3 of the Lair of Beasts)
 16542 | Lair:4   | Reached skill level 9 in Unarmed Combat
 16617 | Lair:4   | Found a hole to the Spider Nest.
 16674 | Lair:4   | Reached skill level 8 in Dodging
 16793 | Lair:4   | Found a staircase to the Shoals.
 17427 | Lair:5   | Reached skill level 5 in Ice Magic
 17430 | Lair:5   | Reached ***** piety under Hepliaklqana
 18225 | Lair:5   | Reached skill level 10 in Fighting
 18225 | Lair:5   | Reached skill level 9 in Spellcasting
 19149 | Lair:5   | You fall through a shaft!
 19149 | Lair:6   | Entered Level 6 of the Lair of Beasts
 19228 | Lair:6   | Learned a level 7 spell: Dragon Form
 19283 | Lair:6   | Found a staircase to the Slime Pits.
 19866 | Lair:6   | Reached skill level 10 in Unarmed Combat
 19871 | Lair:6   | Reached skill level 10 in Transmutations
 19874 | Lair:6   | Found a frozen archway.
 19883 | IceCv    | Entered an ice cave
 19887 | IceCv    | Reached XP level 13. HP: 73/101 MP: 24/26
 20090 | IceCv    | Gained mutation: You are robust. (+10% HP) [potion of beneficial mutation]
 20429 | IceCv    | Reached skill level 9 in Dodging
 21106 | IceCv    | Noticed a frost giant
 21146 | IceCv    | Killed a frost giant
 22632 | Lair:6   | HP: 34/138 [elephant (16)]
 22637 | Lair:6   | Reached skill level 10 in Spellcasting
 23083 | Lair:6   | Noticed a dire elephant
 23094 | Lair:6   | HP: 28/138 [dire elephant (10)]
 23101 | Lair:6   | Noticed a dire elephant
 23103 | Lair:6   | Noticed a dire elephant
 23104 | Lair:6   | HP: 30/138 [dire elephant (2)]
 23106 | Lair:6   | HP: 8/138 [dire elephant (22)]
 23225 | Lair:6   | HP: 34/138 [torpor snail (14)]
 23231 | Lair:6   | HP: 30/138 [torpor snail (6)]
 23236 | Lair:6   | HP: 22/138 [torpor snail (10)]
 23638 | Lair:6   | Killed a dire elephant
 23638 | Lair:6   | Reached skill level 11 in Fighting
 23709 | Lair:6   | Noticed a dire elephant
 23709 | Lair:6   | Noticed a dire elephant
 23814 | Lair:6   | Noticed a dire elephant
 24112 | Lair:6   | Got a pair of translucent gloves
 24133 | Lair:6   | Identified the +0 pair of gloves of New Discoveries {rC- rN++} (You found it on level 6 of the Lair of Beasts)
 24912 | Lair:1   | Killed Nergalle
 25421 | D:9      | Learned a level 4 spell: Petrify
 25482 | D:11     | Noticed Gastronok
 25513 | D:11     | Found a flagged portal.
 25526 | Bailey   | Entered a bailey
 25603 | Bailey   | Reached skill level 11 in Transmutations
 26012 | D:11     | Noticed Urug
 26028 | D:11     | Killed Urug
 26092 | D:11     | Noticed Fannar
 26130 | D:11     | Killed Fannar
 26130 | D:11     | Reached XP level 14. HP: 64/124 MP: 21/28
 26178 | D:11     | HP: 33/148 [orc warrior/glaive (11)]
 26544 | D:11     | Killed Gastronok
 26544 | D:11     | Reached skill level 10 in Dodging
 26544 | D:11     | Reached skill level 11 in Unarmed Combat
 27172 | D:11     | Noticed a war gargoyle
 27661 | D:11     | HP: 27/148 [war gargoyle/morningstar (25)]
 27664 | D:11     | Mangled by a war gargoyle

Vault maps used:
D:1:      dpeg_arrival_fog
D:2:      lemuel_upstairs_altar, grunt_temple_overflow_open, first_bread,
          uniq_robin
D:3:      lemuel_round_altar, uniq_jessica, uniq_natasha, uniq_sigmund,
          uniq_grinder
D:4:      serial_shops, shop
D:5:      uniq_pikel, uniq_eustachio
D:6:      kennysheep_mini, lemuel_coloured_pillars_altar
D:7:      minmay_opposing_rooms
D:8:      old_standard_altar, nicolae_gozag_cash_rules_everything_around_me,
          basic_altar, enter_ossuary_1, serial_shops, nicolae_shop_crystal
D:9:      lair_entry_dummy, orc_0_dummy
D:10:     grunt_livestock
D:11:     enter_bailey_1, kennysheep_island_fort, uniq_fannar, uniq_gastronok,
          uniq_urug
Temple:   compressed_dpeg_triangle_lava_temple
Lair:1:   uniq_nergalle
Lair:2:   grunt_megastairs_5
Lair:3:   minmay_lair_oklob_chamber
Lair:4:   shoals_dummy_entry, spider_nest_entry_webs
Lair:5:   enter_volcano_4, lemuel_fruit_fields
Lair:6:   due_jungle_book, minmay_slime_entry_eyes,
          portal_ice_cave_demonic_guard, eino_house_with_fridge
Ossuary:  minmay_ossuary_two_tombs
Bailey:   bailey_axe_4, bailey
IceCv:    ice_cave_caverns_02

Skill      XL: |  1  2  3  4  5  6  7  8  9 10 11 12 13 14 |
---------------+-------------------------------------------+-----
Dodging        | 2 3 6 7 8 9 10 | 10.0
Fighting       | 2 3 7 8 9 10 11 | 11.4
Transmutations | 3 7 8 9 10 11 | 11.2
Unarmed Combat | 4 7 8 10 11 | 11.1
Spellcasting   | 3 6 7 8 9 10 | 10.4
Hexes          | 1 2 |  2.6
Poison Magic   | 1 2 |  2.8
Translocations | 2 |  2.4
Air Magic      | 2 |  2.0
Ice Magic      | 2 4 5 |  5.4
Charms         | 1 |  1.5

Action                   |  1- 3 |  4- 6 |  7- 9 | 10-12 | 13-15 || total
-------------------------+-------+-------+-------+-------+-------++-------
Melee: Unarmed           |   154 |   189 |   404 |   910 |   636 ||  2293
       Tailslap          |    11 |    15 |    19 |    54 |    11 ||   110
       Kick              |     8 |     1 |    16 |       |       ||    25
       Headbutt          |     5 |     4 |     9 |     5 |       ||    23
       Punch             |     1 |     1 |     6 |    17 |     8 ||    33
 Cast: Beastly Appendage |    21 |    11 |    18 |     5 |       ||    55
       Sticks to Snakes  |       |     4 |     2 |     3 |     5 ||    14
       Spider Form       |       |    10 |    14 |    25 |       ||    49
       Confusing Touch   |       |       |     4 |    51 |    46 ||   101
       Repel Missiles    |       |       |       |     3 |     1 ||     4
       Ice Form          |       |       |       |    26 |    51 ||    77
       Apportation       |       |       |       |     7 |       ||     7
       Petrify           |       |       |       |       |    10 ||    10
Invok: Recall Ancestor   |       |       |       |     4 |     3 ||     7
       Ancestor Life: He |       |       |       |     1 |       ||     1
Evoke: Wand              |       |       |       |     8 |       ||     8
  Use: Potion            |       |     3 |     1 |     1 |     1 ||     6
       Scroll            |       |       |    13 |     7 |    11 ||    31
 Stab: Sleeping          |       |     2 |     1 |     1 |       ||     4
       Distracted        |       |       |     2 |     4 |     4 ||    10
       Confused          |       |       |       |    29 |    25 ||    54
       Petrified         |       |       |       |       |    25 ||    25
       Petrifying        |       |       |       |       |     1 ||     1
  Eat: Chunk             |     3 |     6 |    14 |    27 |    11 ||    61
       Bread ration      |       |     1 |       |       |       ||     1
       Pizza             |       |       |     1 |     1 |     7 ||     9
       Beef jerky        |       |       |       |     6 |     1 ||     7
       Royal jelly       |       |       |       |       |     2 ||     2
Armor: Skin              |    65 |    27 |    62 |   144 |   165 ||   463
Dodge: Dodged            |   137 |   125 |   282 |   650 |   371 ||  1565
       Deflected         |       |       |       |     4 |     1 ||     5

Vault maps used:
D:1:      dpeg_arrival_fog
D:2:      lemuel_upstairs_altar, grunt_temple_overflow_open, first_bread,
          uniq_robin
D:3:      lemuel_round_altar, uniq_jessica, uniq_natasha, uniq_sigmund,
          uniq_grinder
D:4:      serial_shops, shop
D:5:      uniq_pikel, uniq_eustachio
D:6:      kennysheep_mini, lemuel_coloured_pillars_altar
D:7:      minmay_opposing_rooms
D:8:      old_standard_altar, nicolae_gozag_cash_rules_everything_around_me,
          basic_altar, enter_ossuary_1, serial_shops, nicolae_shop_crystal
D:9:      lair_entry_dummy, orc_0_dummy
D:10:     grunt_livestock
D:11:     enter_bailey_1, kennysheep_island_fort, uniq_fannar, uniq_gastronok,
          uniq_urug
Temple:   compressed_dpeg_triangle_lava_temple
Lair:1:   uniq_nergalle
Lair:2:   grunt_megastairs_5
Lair:3:   minmay_lair_oklob_chamber
Lair:4:   shoals_dummy_entry, spider_nest_entry_webs
Lair:5:   enter_volcano_4, lemuel_fruit_fields
Lair:6:   due_jungle_book, minmay_slime_entry_eyes,
          portal_ice_cave_demonic_guard, eino_house_with_fridge
Ossuary:  minmay_ossuary_two_tombs
Bailey:   bailey_axe_4, bailey
IceCv:    ice_cave_caverns_02

Table legend:
 A = Turns spent in this place as a percentage of turns spent in the entire game.
 B = Non-inter-level travel turns spent in this place as a percentage of non-inter-level travel turns spent in the entire game.
 C = Inter-level travel turns spent in this place as a percentage of turns spent in this place.
 D = Turns resting spent in this place as a percentage of non-inter-level travel turns spent in this place.
 E = Turns spent auto-exploring this place as a percentage of non-inter-level travel turns spent in this place.
 F = Non-inter-level travel turns spent in this place divided by the number of levels of this place that you've seen.
                   A       B       C       D       E      F
               +-------+-------+-------+-------+-------+----------------------
         Total | 100.0 | 100.0 |   0.5 |   4.9 |   6.0 | 361.5
       Dungeon |  54.0 |  54.0 |   0.5 |   4.6 |   6.4 | 372.5
        Temple |   0.4 |   0.4 |   3.6 |   0.0 |  33.3 |  27.0
          Lair |  32.4 |  32.4 |   0.5 |   5.2 |   5.7 | 409.3
       Ossuary |   2.7 |   2.7 |   0.0 |   2.4 |   8.8 | 205.0
        Bailey |   3.2 |   3.2 |   0.0 |   1.6 |   4.9 | 245.0
      Ice Cave |   7.3 |   7.4 |   0.0 |   8.0 |   2.1 | 560.0
               +-------+-------+-------+-------+-------+----------------------

Table legend:
 A = Kills in this place as a percentage of kills in entire the game.
 B = Kills by you in this place as a percentage of kills by you in the entire game.
 C = Kills by friends in this place as a percentage of kills by friends in the entire game.
 D = Other kills in this place as a percentage of other kills in the entire game.
 E = Experience gained in this place as a percentage of experience gained in the entire game.
 F = Experience gained in this place divided by the number of levels of this place that you have seen.
                   A       B       C       D       E      F
               +-------+-------+-------+-------+-------+----------------------
         Total | 100.0 | 100.0 | 100.0 | 100.0 | 100.0 | 3298.4
       Dungeon |  55.1 |  57.0 |  43.7 |  37.5 |  29.3 | 1842.3
          Lair |  25.5 |  25.3 |  29.6 |   0.0 |  53.3 | 6148.8
       Ossuary |   6.6 |   6.5 |   8.5 |   0.0 |   0.6 | 381.0
        Bailey |   4.6 |   4.1 |   8.5 |   0.0 |   1.1 | 732.0
      Ice Cave |   8.2 |   7.1 |   9.9 |  62.5 |  15.9 | 10995.0
               +-------+-------+-------+-------+-------+----------------------
